 Dungeon Crawl Stone Soup version 0.30-a0-779-g7971cf19c3 (webtiles) character file.

Game seed: 3356239018417060397

50 Wobber the Insei (level 3, -3/23 HPs)
             Began as an Octopode Transmuter on Feb 17, 2023.
             Slain by a gnoll
             ... wielding a +2 flail of protection
              (13 damage)
             ... on level 2 of the Dungeon.
             The game lasted 00:03:37 (876 turns).

Wobber the Insei (Octopode Transmuter)               Turns: 876, Time: 00:03:38

Health: -3/23      AC:  1    Str:  9    XL:     3   Next: 79%
Magic:  5/6        EV: 13    Int: 17    God:
Gold:   54         SH:  0    Dex: 12    Spells: 3/6 levels left

rFire   . . .      SeeInvis .      - Unarmed
rCold   . . .      Faith    .    (no shield)
rNeg    . . .      Spirit   .    (helmet currently unavailable)
rPois   .          Reflect  .    (no amulet)
rElec   .          Harm     .    (no ring)
rCorr   .          Rampage  .    (no ring)
Will    .....                    (no ring)
Stlth   ++                       (no ring)
HPRegen 0.23/turn                (no ring)
MPRegen 0.10/turn                (no ring)
                                 (no ring)
                                 (no ring)

@: appendages (expiring), wereblooded
A: tentacle spike 3, almost no armour, amphibious, 8 rings, camouflage 1,
gelatinous body 1, (nimble swimmer 1), tentacles
a: End Transformation


You were on level 2 of the Dungeon.
One of your tentacles had grown a beastly spike.
You visited 1 branch of the dungeon, and saw 2 of its levels.

You collected 54 gold pieces.

Inventory:

Missiles
 e - 6 poisoned darts
Potions
 a - a potion of lignification
 c - a potion of degeneration {unknown}
 d - a potion of might {unknown}


   Skills:
 - Level 1.0 Fighting
 - Level 2.0 Dodging
 - Level 3.0 Unarmed Combat
 + Level 2.4 Spellcasting
 * Level 2.9 Transmutations
 * Level 1.9 Ice Magic


You had 3 spell levels left.
You knew the following spells:

 Your Spells              Type           Power      Damage    Failure   Level
a - Beastly Appendage     Tmut           24%        N/A       5%          1
b - Wereblood             Tmut           12%        N/A       9%          2

Your spell library contained the following spells:

 Spells                   Type           Power      Damage    Failure   Level
 Spider Form              Tmut/Pois      7%         N/A       30%         3
 Ignite Poison            Fire/Tmut/Pois 5%         N/A       36%         3
 Kindle Blastsparks       Fire/Tloc/Air  4%         2d10      50%         3
 Ice Form                 Ice/Tmut       10%        N/A       56%         4
 Freezing Cloud           Conj/Ice/Air   2%         6-21      99%         5


Dungeon Overview and Level Annotations

Branches:
Dungeon (2/15)

Altars:


Innate Abilities, Weirdness & Mutations

One of your tentacles has grown a beastly spike.
You cannot wear most types of armour.
You are amphibious.
You can wear up to eight rings at the same time.
Your skin changes colour to match your surroundings (Stealth+).
Your rubbery body absorbs attacks. (AC +1, EV +1)
((You are camouflaged when in or above water. (Stealth+)))
You have tentacles for arms and can constrict up to eight enemies at once.


Message History

You constrict the gnoll, but do no damage.
A goblin comes into view. It is wielding a +0 dagger.
The gnoll misses you.
You tentacle-slap the gnoll but do no damage.
Your squeeze misses the gnoll.
You constrict the gnoll, but do no damage.
The gnoll hits you with a +0 whip.
You tentacle-slap the gnoll.
You pierce the gnoll, but do no damage.
The gnoll is lightly wounded.
You constrict the gnoll, but do no damage.
The gnoll closely misses you.
You tentacle-slap the gnoll.
You pierce the gnoll.
The gnoll is severely wounded.
You constrict the gnoll. The gnoll hits you with a +0 whip.
You tentacle-slap the gnoll.
You feel a bit better.
You kill the gnoll!
Your transformation is almost over.
You tentacle-slap the gnoll. Your grab misses the gnoll.
The gnoll is moderately wounded.
The gnoll misses you.
You tentacle-slap the gnoll. You grab the gnoll. You squeeze the gnoll.
The gnoll is severely wounded.
You constrict the gnoll. The gnoll hits you with a +0 whip!
You tentacle-slap the gnoll.
You feel a bit better.
You kill the gnoll!
You tentacle-slap the goblin. You grab the goblin.
Your tentacle spike misses the goblin.
You squeeze the goblin.
You feel a bit better.
You kill the goblin!
You tentacle-slap the gnoll but do no damage.
You grab the gnoll.
You pierce the gnoll.
The gnoll is lightly wounded.
You constrict the gnoll.
The gnoll hits you with a +2 flail of protection.
You barely miss the gnoll.
The gnoll is moderately wounded.
You constrict the gnoll.
The gnoll hits you with a +2 flail of protection!
Ouch! That really hurt!
You die...

.....#
#.....#
.......
......#
...(.
...
######.#
#.#
#...@gg#
#.#
#.######
#.# #.#
#.# #.#
#.# #.#
#.# #.#
#.####.#
#<.....#
########


You could see 2 gnolls.

Vanquished Creatures
  2 gnolls (D:2)
  A dart slug (D:1)
  3 bats (D:1)
  An endoplasm (D:1)
  A giant cockroach (D:1)
  4 goblins
  A hobgoblin (D:1)
  2 jackals (D:1)
  5 kobolds (D:1)
  A quokka (D:1)
  2 ball pythons (D:1)
  2 frilled lizards (D:1)
  A rat (D:1)
26 creatures vanquished.

Notes
Turn   | Place    | Note
-------+----------+-------------------------------------------
     0 | D:1      | Wobber the Octopode Transmuter began the quest for the Orb.
     0 | D:1      | Reached XP level 1. HP: 13/13 MP: 3/3
    94 | D:1      | Reached XP level 2. HP: 18/18 MP: 3/5
   116 | D:1      | Learned a level 2 spell: Wereblood
   182 | D:1      | Reached skill level 1 in Ice Magic
   530 | D:1      | Found a faded altar of an unknown god.
   606 | D:1      | Reached XP level 3. HP: 21/23 MP: 4/6
   876 | D:2      | Slain by a gnoll

Illustrated notes

Levels and vault maps discovered:
D:1:      nicolae_arrival_somewhat_less_tricky_arrival, layout_rooms,
          hellmonk_ecumenical_altar_leap_of_faith, reono_crystal_passage,
          nicolae_concentric_dashed_squares_mild
D:2:      layout_loops_ring, serial_shops, shop

Skill      XL: |  1  2 |
---------------+-------+-----
Ice Magic      | 1 |  1.9
Fighting       | |  1.0
Dodging        | |  2.0
Unarmed Combat | |  3.0
Spellcasting   | |  2.4
Transmutations | |  2.9

Action                     || total
---------------------------++-------
  Melee: Unarmed           ||    62
         Constrict         ||    22
         Kick              ||    19
         Tentacles         ||    11
   Cast: Beastly Appendage ||    15
         Wereblood         ||     1
    Use: Scroll            ||     1
   Stab: Sleeping          ||     1
 Armour: Skin              ||     1
  Dodge: Dodged            ||    33

Table legend: (Time is in decaauts)
 A = Elapsed time spent in this place.
 B = Non-inter-level travel time spent in this place.
 C = Inter-level travel time spent in this place.
 D = Time resting spent in this place.
 E = Time spent auto-exploring this place.
 F = Levels seen in this place.
 G = Mean time per level.
                   A        B        C        D        E       F      G
               +--------+--------+--------+--------+--------+-----+--------+
         Total |    872 |    849 |     23 |     41 |    618 |   2 |  436.0 |
       Dungeon |    872 |    849 |     23 |     41 |    618 |   2 |  436.0 |
               +--------+--------+--------+--------+--------+-----+--------+

Top non-repeatable levels by time:
     D:1: 841 daAuts
     D:2: 31 daAuts
